[ AOE2 MATCH · #472226388 ]
1v1 RMBohemians vs Poles
Player's team · LOSS
Rival team · WIN
[ REPLAY ANALYSIS · EXTRACTED FROM THE RECORDED GAME ]
Feudal
12:30
Castle
17:08
Imperial
34:35
| APM avg | 27.2 |
| APM peak | 72 |
| eAPM avg | 13.9 |
| Villagers / military | 136 / 21 |
Focus
⚔️ 12.6% · 🌾 87.4%
Archer ×14 · Bombard Cannon ×4 · Hussite Wagon ×1 · Mangonel ×1 · Trebuchet (Packed) ×1
Feudal
8:36
Castle
23:53
Imperial
31:47
| APM avg | 29.0 |
| APM peak | 66 |
| eAPM avg | 14.8 |
| Villagers / military | 82 / 34 |
Focus
⚔️ 24.9% · 🌾 75.1%
Scout Cavalry ×27 · Monk ×2 · Trebuchet (Packed) ×2 · Bombard Cannon ×2 · Mangonel ×1
Match map
Initial resources + every placement click. Lines = walls · curves = elevation contours. ◆ gold · ⬟ stone · ● berries · ✦ relic · ◌ wall gap
Your base· ✓ Closed at 17:08 · 6t walls · 3 gate(s)
EDGAR_MAGNO_29's base· ✓ Closed at 23:53 · 14t walls · 2 gate(s)
Smoothed initial terrain · ◌ = detected wall gap · hover for details
Inputs per minute
— Guillegmc - - EDGAR_MAGNO_29
Build order — Guillegmc
First 150 of 262 actions detected
| 0:01 | Create | Villager (Male) |
| 0:01 | Create | Villager (Male) |
| 0:01 | Create | Villager (Male) |
| 0:01 | Create | Villager (Male) |
| 0:03 | Build | House |
| 0:05 | Build | House |
| 1:32 | Create | Villager (Male) |
| 1:32 | Create | Villager (Male) |
| 1:45 | Build | Lumber Camp |
| 2:04 | Create | Villager (Male) |
| 2:04 | Create | Villager (Male) |
| 2:21 | Create | Villager (Male) |
| 2:47 | Create | Villager (Male) |
| 3:15 | Create | Villager (Male) |
| 3:34 | Create | Villager (Male) |
| 3:35 | Create | Villager (Male) |
| 3:51 | Build | House |
| 3:52 | Build | House |
| 4:08 | Create | Villager (Male) |
| 4:08 | Create | Villager (Male) |
| 4:14 | Build | Mill |
| 4:24 | Create | Villager (Male) |
| 4:24 | Create | Villager (Male) |
| 4:24 | Create | Villager (Male) |
| 4:43 | Create | Villager (Male) |
| 4:44 | Create | Villager (Male) |
| 5:10 | Create | Villager (Male) |
| 5:10 | Create | Villager (Male) |
| 5:11 | Create | Villager (Male) |
| 5:37 | Create | Villager (Male) |
| 5:37 | Create | Villager (Male) |
| 6:15 | Create | Villager (Male) |
| 6:15 | Create | Villager (Male) |
| 6:15 | Create | Villager (Male) |
| 6:17 | Create | Villager (Male) |
| 6:17 | Create | Villager (Male) |
| 6:28 | Build | Farm |
| 6:37 | Build | Farm |
| 6:43 | Build | Farm |
| 6:54 | Create | Villager (Male) |
| 7:18 | Build | House |
| 7:28 | Create | Villager (Male) |
| 7:29 | Create | Villager (Male) |
| 7:29 | Create | Villager (Male) |
| 7:33 | Build | Farm |
| 7:43 | Create | Villager (Male) |
| 8:52 | Build | Mining Camp |
| 9:05 | Research | Feudal Age |
| 9:05 | Create | Villager (Male) |
| 9:06 | Create | Villager (Male) |
| 9:46 | Build | Mining Camp |
| 9:55 | Research | Loom |
| 9:56 | Research | Feudal Age |
| 9:57 | Create | Villager (Male) |
| 9:57 | Create | Villager (Male) |
| 10:06 | Build | House |
| 10:15 | Build | House |
| 10:18 | Build | House |
| 10:31 | Build | House |
| 10:37 | Build | Palisade Wall |
| 10:45 | Build | House |
| 10:47 | Build | House |
| 12:05 | Build | House |
| 12:12 | Build | House |
| 12:30 | Age | Feudal Age |
| 12:35 | Build | Market |
| 12:46 | Build | Blacksmith |
| 12:57 | Build | House |
| 13:06 | Build | Watch Tower |
| 13:25 | Build | House |
| 13:46 | Build | Mining Camp |
| 14:28 | Research | Castle Age |
| 15:48 | Research | Double-Bit Axe |
| 16:02 | Build | House |
| 17:08 | Age | Castle Age |
| 17:09 | Build | House |
| 17:12 | Build | House |
| 17:21 | Build | Castle |
| 17:39 | Build | House |
| 18:13 | Create | Villager (Male) |
| 18:23 | Create | Villager (Male) |
| 18:24 | Create | Villager (Male) |
| 19:07 | Create | Hussite Wagon |
| 19:57 | Create | Villager (Male) |
| 19:57 | Create | Villager (Male) |
| 19:57 | Create | Villager (Male) |
| 19:58 | Create | Villager (Male) |
| 20:34 | Build | Stone Wall |
| 20:50 | Create | Villager (Male) |
| 21:07 | Build | Siege Workshop |
| 21:21 | Build | Farm |
| 21:21 | Build | Farm |
| 21:21 | Build | Farm |
| 21:21 | Build | Farm |
| 21:21 | Build | Farm |
| 21:34 | Create | Villager (Male) |
| 22:15 | Create | Villager (Male) |
| 22:33 | Build | Farm |
| 22:34 | Create | Villager (Male) |
| 22:47 | Create | Villager (Male) |
| 22:47 | Create | Villager (Male) |
| 23:04 | Build | Town Center |
| 23:06 | Create | Villager (Male) |
| 23:06 | Create | Villager (Male) |
| 23:35 | Create | Villager (Male) |
| 23:35 | Create | Villager (Male) |
| 23:35 | Create | Villager (Male) |
| 23:41 | Build | Farm |
| 24:03 | Create | Villager (Male) |
| 24:03 | Create | Villager (Male) |
| 24:03 | Create | Villager (Male) |
| 24:03 | Create | Villager (Male) |
| 24:19 | Create | Mangonel |
| 24:26 | Build | Farm |
| 24:27 | Build | Farm |
| 24:28 | Create | Villager (Male) |
| 24:28 | Create | Villager (Male) |
| 24:28 | Create | Villager (Male) |
| 24:32 | Create | Villager (Male) |
| 24:32 | Create | Villager (Male) |
| 24:41 | Build | Farm |
| 24:46 | Build | Farm |
| 24:50 | Create | Villager (Male) |
| 24:51 | Create | Villager (Male) |
| 25:00 | Create | Villager (Male) |
| 25:00 | Create | Villager (Male) |
| 25:16 | Create | Villager (Male) |
| 25:24 | Build | Farm |
| 25:29 | Research | Horse Collar |
| 25:57 | Create | Villager (Male) |
| 25:58 | Create | Villager (Male) |
| 26:10 | Create | Villager (Male) |
| 26:10 | Create | Villager (Male) |
| 26:31 | Build | Town Center |
| 26:33 | Create | Villager (Male) |
| 26:33 | Create | Villager (Male) |
| 26:44 | Create | Villager (Male) |
| 26:44 | Create | Villager (Male) |
| 26:50 | Create | Villager (Male) |
| 26:50 | Create | Villager (Male) |
| 26:59 | Create | Villager (Male) |
| 26:59 | Create | Villager (Male) |
| 27:12 | Build | Monastery |
| 27:18 | Create | Villager (Male) |
| 27:18 | Create | Villager (Male) |
| 27:26 | Create | Villager (Male) |
| 27:26 | Create | Villager (Male) |
| 27:38 | Create | Villager (Male) |
| 27:51 | Create | Villager (Male) |
| 28:03 | Research | Fervor |
Build order — EDGAR_MAGNO_29
First 150 of 209 actions detected
| 0:01 | Create | Villager (Male) |
| 0:01 | Create | Villager (Male) |
| 0:02 | Create | Villager (Male) |
| 0:03 | Build | House |
| 0:06 | Build | House |
| 0:45 | Create | Villager (Male) |
| 1:29 | Create | Villager (Male) |
| 1:29 | Create | Villager (Male) |
| 1:48 | Build | Lumber Camp |
| 2:09 | Create | Villager (Male) |
| 2:09 | Create | Villager (Male) |
| 2:25 | Create | Villager (Male) |
| 3:02 | Create | Villager (Male) |
| 3:02 | Create | Villager (Male) |
| 3:30 | Build | House |
| 3:47 | Create | Villager (Male) |
| 4:14 | Create | Villager (Male) |
| 4:14 | Create | Villager (Male) |
| 4:14 | Create | Villager (Male) |
| 4:49 | Build | Mining Camp |
| 5:03 | Create | Villager (Male) |
| 5:29 | Create | Villager (Male) |
| 5:36 | Research | Loom |
| 6:26 | Research | Feudal Age |
| 7:54 | Build | House |
| 8:36 | Age | Feudal Age |
| 8:39 | Create | Villager (Male) |
| 8:40 | Create | Villager (Male) |
| 8:57 | Build | Watch Tower |
| 9:12 | Research | Double-Bit Axe |
| 9:13 | Create | Villager (Male) |
| 9:41 | Create | Villager (Male) |
| 10:00 | Build | House |
| 10:08 | Create | Villager (Male) |
| 10:09 | Create | Villager (Male) |
| 10:17 | Build | Blacksmith |
| 10:29 | Create | Villager (Male) |
| 10:38 | Build | Mill |
| 10:45 | Create | Villager (Male) |
| 11:10 | Research | Fletching |
| 11:45 | Build | Watch Tower |
| 12:00 | Create | Villager (Male) |
| 12:44 | Build | Watch Tower |
| 12:48 | Create | Villager (Male) |
| 13:04 | Create | Villager (Male) |
| 14:23 | Create | Villager (Male) |
| 14:23 | Create | Villager (Male) |
| 14:31 | Research | Horse Collar |
| 14:57 | Create | Villager (Male) |
| 15:08 | Build | Farm |
| 15:28 | Build | Farm |
| 15:31 | Create | Villager (Male) |
| 15:43 | Create | Villager (Male) |
| 15:46 | Build | Farm |
| 15:49 | Build | Farm |
| 16:01 | Build | Watch Tower |
| 16:04 | Create | Villager (Male) |
| 16:30 | Create | Villager (Male) |
| 16:31 | Create | Villager (Male) |
| 16:36 | Build | Farm |
| 16:46 | Build | Mill |
| 16:51 | Build | House |
| 17:44 | Create | Villager (Male) |
| 17:44 | Create | Villager (Male) |
| 17:44 | Create | Villager (Male) |
| 17:53 | Build | Farm |
| 17:57 | Build | Farm |
| 17:59 | Build | Farm |
| 18:00 | Build | Farm |
| 18:01 | Build | Farm |
| 18:03 | Build | Farm |
| 18:52 | Create | Villager (Male) |
| 18:53 | Create | Villager (Male) |
| 18:58 | Build | Farm |
| 19:00 | Build | Farm |
| 19:14 | Build | House |
| 19:19 | Build | Farm |
| 19:30 | Create | Villager (Male) |
| 19:39 | Build | Watch Tower |
| 19:45 | Build | Farm |
| 19:53 | Build | Farm |
| 20:07 | Build | Market |
| 20:12 | Build | Mining Camp |
| 20:15 | Create | Villager (Male) |
| 20:19 | Build | Lumber Camp |
| 20:36 | Build | Barracks |
| 20:58 | Build | House |
| 21:06 | Build | Stone Wall |
| 21:11 | Build | Stone Wall |
| 21:13 | Research | Castle Age |
| 21:34 | Build | Stone Wall |
| 21:35 | Build | Stone Wall |
| 21:41 | Build | Stone Wall |
| 22:47 | Build | Stable |
| 23:01 | Build | Outpost |
| 23:11 | Research | Gold Mining |
| 23:24 | Build | House |
| 23:36 | Create | Scout Cavalry |
| 23:49 | Build | House |
| 23:53 | Age | Castle Age |
| 23:54 | Build | House |
| 24:03 | Build | Monastery |
| 24:04 | Create | Villager (Male) |
| 24:04 | Create | Villager (Male) |
| 24:19 | Build | Town Center |
| 24:29 | Build | Siege Workshop |
| 24:47 | Build | University |
| 24:48 | Create | Villager (Male) |
| 24:57 | Create | Villager (Male) |
| 24:59 | Research | Bow Saw |
| 25:07 | Build | House |
| 25:08 | Build | House |
| 25:15 | Create | Monk |
| 25:29 | Create | Villager (Male) |
| 25:35 | Research | Heavy Plow |
| 26:02 | Build | House |
| 26:07 | Create | Villager (Male) |
| 26:07 | Create | Villager (Male) |
| 26:07 | Create | Villager (Male) |
| 26:07 | Create | Villager (Male) |
| 26:16 | Build | House |
| 26:18 | Build | House |
| 26:20 | Build | House |
| 26:24 | Build | Farm |
| 26:35 | Create | Mangonel |
| 26:44 | Create | Monk |
| 26:57 | Create | Villager (Male) |
| 26:57 | Create | Villager (Male) |
| 27:06 | Create | Villager (Male) |
| 27:07 | Create | Villager (Male) |
| 27:07 | Create | Villager (Male) |
| 27:10 | Build | House |
| 27:12 | Build | Stable |
| 27:23 | Create | Scout Cavalry |
| 28:14 | Research | Fervor |
| 28:15 | Research | Imperial Age |
| 28:17 | Create | Villager (Male) |
| 28:18 | Create | Villager (Male) |
| 28:18 | Create | Villager (Male) |
| 28:18 | Create | Villager (Male) |
| 28:37 | Create | Villager (Male) |
| 28:38 | Create | Villager (Male) |
| 28:38 | Create | Villager (Male) |
| 28:38 | Create | Villager (Male) |
| 28:39 | Create | Villager (Male) |
| 28:57 | Build | Town Center |
| 30:18 | Research | Bloodlines |
| 30:19 | Research | Husbandry |
| 30:33 | Research | Stone Mining |
| 30:37 | Create | Villager (Male) |
Match timeline
| 8:36 | EDGAR_MAGNO_29 · age_up feudal |
| 10:37 | Guillegmc · wall_segment Palisade Wall x6 |
| 12:30 | Guillegmc · age_up feudal |
| 14:24 | Guillegmc · first_market_sell 100 stone |
| 14:26 | Guillegmc · first_market_buy 100 food |
| 17:08 | Guillegmc · age_up castle |
| 17:21 | Guillegmc · first_building Castle |
| 20:34 | Guillegmc · wall_segment Stone Wall x1 |
| 20:36 | EDGAR_MAGNO_29 · first_building Barracks |
| 21:06 | EDGAR_MAGNO_29 · wall_segment Stone Wall x1 |
| 21:07 | Guillegmc · first_building Siege Workshop |
| 21:11 | EDGAR_MAGNO_29 · wall_segment Stone Wall x7 |
| 21:34 | EDGAR_MAGNO_29 · wall_segment Stone Wall x1 |
| 21:35 | EDGAR_MAGNO_29 · wall_segment Stone Wall x1 |
| 21:41 | EDGAR_MAGNO_29 · wall_segment Stone Wall x4 |
| 22:47 | EDGAR_MAGNO_29 · first_building Stable |
| 23:53 | EDGAR_MAGNO_29 · age_up castle |
| 24:03 | EDGAR_MAGNO_29 · first_building Monastery |
| 24:29 | EDGAR_MAGNO_29 · first_building Siege Workshop |
| 27:12 | Guillegmc · first_building Monastery |
| 31:47 | EDGAR_MAGNO_29 · age_up imperial |
| 32:40 | Guillegmc · first_building Barracks |
| 33:51 | EDGAR_MAGNO_29 · first_market_buy 100 stone |
| 33:59 | EDGAR_MAGNO_29 · first_building Castle |
| 34:00 | Guillegmc · first_building Archery Range |
| 34:35 | Guillegmc · age_up imperial |
| 36:30 | Guillegmc · wall_segment Stone Wall x1 |
| 39:06 | Guillegmc · resign |
[ AI ANALYSIS · 1 CREDIT ]
What really happened in this match?
Wolo.gg analyzes every decision: build order, eco, micro, common mistakes by bracket. Personalized analysis on WhatsApp or Discord in 30 seconds.
Civ guide
Bohemians
Map guide
Arena
Perfil
Jugador #40172